 Dungeon Crawl Stone Soup version 0.24-a0-67-ga78bd38 (webtiles) character file.

Game seed: 10317077182105922900

6 Kairos the Grave Robber (level 1, 0/9 HPs)
             Began as a Vine Stalker Necromancer on Feb 5, 2019.
             Slain by a goblin (3 damage)
             ... on level 1 of the Dungeon.
             The game lasted 00:01:39 (451 turns).

Kairos the Grave Robber (Vine Stalker Necromancer)   Turns: 451, Time: 00:01:40

Health: 0/9        AC:  2    Str: 10    XL:     1   Next: 90%
Magic:  0/4        EV: 12    Int: 15    God:
Gold:   0          SH:  0    Dex: 14    Spells: 3/4 levels left

rFire    . . .     SeeInvis .   (no weapon)
rCold    . . .     Gourm    .   (no shield)
rNeg     . . .     Faith    .   a - +0 robe
rPois    .         Spirit   +   (no helmet)
rElec    .         Reflect  .   (no cloak)
rCorr    .         Harm     .   (no gloves)
MR       .....                  (no boots)
Stlth    ++........             (no amulet)
HPRegen  0.03/turn              (no ring)
MPRegen  0.09/turn              (no ring)

@: no status effects
A: fangs 2, magic shield, antimagic bite, no potion heal 3, rot immunity
a: no special abilities


You were on level 1 of the Dungeon.
You were not hungry.

You visited 1 branch of the dungeon, and saw 1 of its levels.

Inventory:

Armour
 a - a +0 robe (worn)
Scrolls
 d - a scroll of identify {unknown}
 e - a scroll of amnesia {unknown}
Potions
 b - a potion of haste {unknown}
Comestibles
 c - 2 rations


   Skills:
 + Level 1.5 Dodging
 + Level 2.4 Stealth
 + Level 2.3 Spellcasting
 + Level 4.2 Necromancy


You had 3 spell levels left.
You knew the following spells:

 Your Spells              Type           Power        Failure   Level  Hunger
a - Pain                  Necr           ##..         3%          1    #......

Your spell library contained the following spells:

 Spells                   Type           Power        Failure   Level  Hunger
 Animate Skeleton         Necr           N/A          3%          1    #......
 Vampiric Draining        Necr           ##........   11%         3    ###....
 Regeneration             Chrm/Necr      #.........   26%         3    ###....
 Animate Dead             Necr           N/A          36%         4    #####..


Dungeon Overview and Level Annotations

Branches:
Dungeon (1/15)

Altars:


Innate Abilities, Weirdness & Mutations

You have extremely sharp teeth.
When hurt, damage is shared between your health and your magic reserves.
Your bite disrupts and absorbs the magic of your enemies.
Potions cannot restore your health.
You are immune to rotting.


Message History

Aiming: Pain (safe; 3% risk of failure)
Press: ? - help, Shift-Dir - straight line, f - bat
Aim: a bat (chance to defeat MR: 85%)
The bat writhes in agony.
You kill the bat!
The dart slug launches a dart at you. The slug dart hits you.
Casting: Pain (safe; 3% risk of failure)
Confirm with . or Enter, or press ? or * to list all spells.
Aiming: Pain (safe; 3% risk of failure)
Press: ? - help, Shift-Dir - straight line, f - dart slug
Aim: a dart slug (chance to defeat MR: 85%)
The dart slug writhes in agony.
Casting: Pain (safe; 3% risk of failure)
Confirm with . or Enter, or press ? or * to list all spells.
Aiming: Pain (safe; 3% risk of failure)
Press: ? - help, Shift-Dir - straight line, f/p - dart slug
Aim: a dart slug (moderately wounded, chance to defeat MR: 85%)
The goblin barely resists.
The goblin hits you.
You die...

# #..w....# .#.#####..#
#.# #..# ######### #.#
#..# #.......## #.# #..#
#.####8#.#####.######..#
##....##.#....w..g.....#
##.<.##.#####g#####...#
#...##.# #@#####...#
##.##.## ##.........#
##''### ...........#
#..#.# #######..#.#
#....# ######...#.#
####.# ##........#.#
#.###...###.....#
#...รท..........##
#####.....####.#


You could see a dart slug and a goblin.

Vanquished Creatures
  A giant cockroach (D:1)
  2 goblins (D:1)
  A bat (D:1)
  A kobold (D:1)
  A rat (D:1)
6 creatures vanquished.

Notes
Turn   | Place    | Note
-------+----------+-------------------------------------------
     0 | D:1      | Kairos the Vine Stalker Necromancer began the quest for the
                  | Orb.
     0 | D:1      | Reached XP level 1. HP: 9/9 MP: 4/4
   451 | D:1      | Slain by a goblin

Vault maps used:
D:1:      saegor_arrival_simple_e

Action                   || total
-------------------------++-------
Melee: Unarmed           ||     1
 Cast: Pain              ||    11
Armor: Robe              ||     7
Dodge: Dodged            ||    16

Table legend:
 A = Non-vault XP
 B = Vault XP
 C = Vault XP percentage of total XP
 D = Non-vault monster count
 E = Vault monster count
 F = Vault count percentage of total count
                 A         B        C        D         E       F
            +---------+---------+-------+---------+---------+-------
      Total |       9 |       0 |   0.0 |       6 |       0 |   0.0
            +---------+---------+-------+---------+---------+-------
        D:1 |       9 |       0 |   0.0 |       6 |       0 |   0.0
            +---------+---------+-------+---------+---------+-------
